 Dungeon Crawl Stone Soup version 0.29.0-7-g18a832c13a (webtiles) character file.

Game seed: 11383670578306164904

143516 Galthrax the Marksoctopus (level 17, 0/159 HPs)
             Began as an Octopode Hunter on Aug 31, 2022.
             Was the Champion of Jiyva.
             Slain by a vampire knight
             ... wielding a +0 great sword
              (5 damage)
             ... on level 4 of the Depths.
             The game lasted 00:59:47 (24723 turns).

Galthrax the Marksoctopus (Octopode Hunter)        Turns: 24723, Time: 00:59:48

Health: 0/159      AC:  8    Str: 20    XL:     17   Next: 8%
Magic:  0/5        EV: 35    Int: 16    God:    Jiyva [******]
Gold:   1136       SH:  0    Dex: 32    Spells: 16/16 levels left

rFire   + . .      SeeInvis .   b - +9 eveningstar of Xokoh {antimagic, Fly Str+2 Int+2, rare}
rCold   + . .      Faith    .   (no shield)
rNeg    + . .      Spirit   +   z - +2 hat
rPois   +          Reflect  .   x - amulet "Eliuse" {Spirit rC- Regen+ Int+2 Dex+3}
rElec   .          Harm     .   n - ring of willpower
rCorr   +          Rampage  .   D - +6 ring of dexterity
Will    +++..                   O - +4 ring of protection
Stlth   ++++......              F - ring of protection from fire
HPRegen 3.56/turn               P - ring of poison resistance
MPRegen 0.59/turn               K - ring "Mymp" {Will+ Dex+4}
                                N - ring of positive energy
                                C - ring of protection from cold

@: flying
A: almost no armour, amphibious, 8 rings, camouflage 1, gelatinous body 2,
(nimble swimmer 1), tentacles, cold resistance 1, sense surroundings 1,
regeneration 1, robust 2, strong 2, wild magic 3, acidic bite, MP-powered wands
}: 1/15 runes: slimy
a: Renounce Religion, Oozemancy, Slimify


You were on level 4 of the Depths.
You worshipped Jiyva.
Jiyva was exalted by your worship.
You visited 6 branches of the dungeon, and saw 32 of its levels.
You also visited: Sewer.

You collected 2042 gold pieces.
You spent 906 gold pieces at shops.


Innate Abilities, Weirdness & Mutations

You cannot wear most types of armour.
You are amphibious.
You can wear up to eight rings at the same time.
Your skin changes colour to match your surroundings (Stealth+).
Your pliable body absorbs attacks. (AC +2, EV +2)
((You are camouflaged when in or above water. (Stealth+)))
You have tentacles for arms and can constrict up to eight enemies at once.
Your flesh is cold resistant. (rC+)
You passively map a small area around you.
Your natural rate of healing is unusually fast.
You are very robust. (+20% HP)
Your muscles are very strong. (Str +8, Int/Dex -2)
Your spells are much harder to cast, but much more powerful.
You have acidic saliva.
You expend magic power (3 MP) to strengthen your wands.


   Skills:
 + Level 17.6 Fighting
 + Level 17.9 Ranged Weapons
 + Level 17.6 Dodging
 - Level 1.3 Stealth


You had 16 spell levels left.
You didn't know any spells.
Your spell library contained the following spells:

 Spells                   Type           Power      Damage    Failure   Level
 Shock                    Conj/Air       0%         1d3       52%         1
 Call Canine Familiar     Summ           0%         N/A       82%         3
 Conjure Flame            Conj/Fire      0%         6-21      82%         3
 Frozen Ramparts          Ice            0%         1d1       82%         3
 Ignite Poison            Fire/Tmut/Pois 0%         N/A       82%         3
 Ozocubu's Armour         Ice            0%         N/A       82%         3
 Summon Guardian Golem    Hex/Summ       0%         N/A       82%         3
 Swiftness                Air            0%         N/A       82%         3
 Airstrike                Air            0%         2d(0-16)  99%         4
 Ice Form                 Ice/Tmut       0%         N/A       99%         4
 Petrify                  Tmut/Erth      0%         N/A       99%         4
 Sticky Flame             Conj/Fire      0%         2d3       99%         4
 Summon Ice Beast         Ice/Summ       0%         N/A       99%         4
 Summon Lightning Spire   Summ/Air       0%         N/A       99%         4
 Lightning Bolt           Conj/Air       0%         1d11      100%        5
 Metabolic Englaciation   Hex/Ice        0%         N/A       100%        5
 Summon Forest            Summ/Tloc      0%         N/A       100%        5
 Eringya's Noxious Bog    Tmut/Pois      0%         N/A       100%        6
 Simulacrum               Ice/Necr       0%         N/A       100%        6
 Statue Form              Tmut/Erth      0%         N/A       100%        6
 Summon Hydra             Summ           0%         N/A       100%        7
 Necromutation            Tmut/Necr      0%         N/A       100%        8

Inventory:

Hand Weapons
 a - a +4 shortbow of venom
 b - the +9 eveningstar of Xokoh (weapon) {antimagic, Fly Str+2 Int+2, rare}
   (You acquired it on level 1 of the Dungeon)

   It reduces the magical energy of the wielder, and disrupts the spells and
   magical abilities of those it strikes.
   Natural abilities and divine invocations are not affected.
   Str:       It affects your strength (+2).
   Int:       It affects your intelligence (+2).
   Fly:       It grants you flight.
 H - a +0 longbow of freezing
   (You took it off a centaur warrior on level 13 of the Dungeon)
Missiles
 e - 129 stones
 k - 14 boomerangs
 y - 4 javelins
 E - 4 curare-tipped darts {=f}
 L - 5 throwing nets {=f!f}
 T - 58 poisoned darts
 Y - 4 atropa-tipped darts
Armour
 z - a +2 hat (worn)
   (You found it on level 3 of the Dungeon)
Magical Staves
 X - a staff of air {!a}
   (You found it on level 5 of the Lair of Beasts)
Jewellery
 f - a ring of protection from fire
   (You found it on level 4 of the Lair of Beasts)
 n - a ring of willpower (left tentacle)
   (You found it on level 3 of the Dungeon)
 x - the amulet "Eliuse" (around mantle) {Spirit rC- Regen+ Int+2 Dex+3}
   (You found it on level 4 of the Dungeon)

   [amulet of guardian spirit]

   It causes incoming damage to be divided between your reserves of health and
   magic.
   Int:       It affects your intelligence (+2).
   Dex:       It affects your dexterity (+3).
   rC:        It makes you vulnerable to cold.
   Regen:     It increases your rate of health regeneration.
 C - a ring of protection from cold (on tentacle)
   (You found it on level 14 of the Dungeon)
 D - a +6 ring of dexterity (right tentacle)
   (You found it on level 14 of the Dungeon)
 F - a ring of protection from fire (on tentacle)
   (You took it off a kobold on level 4 of the Dungeon)
 K - the ring "Mymp" (on tentacle) {Will+ Dex+4}
   (You bought it in a shop on level 8 of the Dungeon)

   [ring of willpower]

   Dex:       It affects your dexterity (+4).
   Will:      It increases your willpower.
 N - a ring of positive energy (on tentacle)
   (You found it on level 11 of the Dungeon)
 O - a +4 ring of protection (on tentacle)
   (You found it on level 4 of the Dungeon)
 P - a ring of poison resistance (on tentacle)
   (You took it off an orc on level 8 of the Dungeon)
 U - the amulet "Edecluz" {Acrobat *Slow rF+ Int+7 Slay+2}
   (You found it on level 5 of the Pits of Slime)

   [amulet of the acrobat]

   It increases your evasion while moving and waiting.
   Int:       It affects your intelligence (+7).
   Slay:      It affects your accuracy & damage with ranged weapons and melee
   (+2).
   rF:        It protects you from fire.
   *Slow:     It may slow you when you take damage.
 W - a ring of magical power
   (You found it on level 1 of the Depths)
Wands
 d - a wand of flame (50)
   (You found it on level 2 of the Dungeon)
 i - a wand of iceblast (8)
   (You found it on level 7 of the Dungeon)
 u - a wand of polymorph (14)
   (You found it in a sewer)
 w - a wand of charming (25)
   (You found it on level 3 of the Dungeon)
Scrolls
 h - 8 scrolls of immolation {!r!r}
 l - 5 scrolls of fog
 p - 5 scrolls of fear
 s - 5 scrolls of magic mapping {!r}
 A - a scroll of poison {!r}
 B - 4 scrolls of enchant armour
 G - 3 scrolls of teleportation {@r4}
 I - 9 scrolls of identify {@r1}
 J - a scroll of torment {!r}
 Q - a scroll of summoning
 V - a scroll of silence {!r}
Potions
 c - 8 potions of mutation {!q}
 g - 5 potions of brilliance
 j - 4 potions of might
 m - 7 potions of curing {@q1}
 q - 3 potions of resistance
 r - 4 potions of cancellation
 t - 4 potions of invisibility
 v - 3 potions of magic
 M - a potion of berserk rage {!q}
 R - a potion of ambrosia
 S - a potion of lignification {!q}

Dungeon Overview and Level Annotations

Branches:
Dungeon (15/15) Zot: 23658  Temple (0/1) D:7            Lair (5/5) D:9 Zot: 24706
 Shoals (0/4) Lair:2        Snake (1/4) Lair:3 Zot: 5998   Slime (5/5) Lair:4 Zot: 26657
    Orc (2/2) D:12 Zot: 10568     Elf (0/3) Orc:2        Vaults (0/5) D:13
 Depths (4/4) D:15 Zot: 22437   Sewer (visited)
    Zot: Depths:4

Altars:
Cheibriados
Dithmenos
Elyvilon
Fedhas
Kikubaaqudgha
Makhleb
Okawaru
Qazlal
Ru
Trog
Uskayaw
Wu Jian
Zin
The Shining One
Jiyva
Lugonu

Shops:
D:5 [   D:8 =   D:13 (   D:15 !   Orc:2 :!=[

Portals:
Hell: Depths:1 Depths:3 Depths:4
Abyss: Depths:4
Trove: D:15 (give +6 demon trident)

Annotations:
D:5 2 transporters, SockSock's ghost, novice OpFE
D:7 3 runed translucent doors, sentinel's ghost, novice MeEE
D:9 3 runed translucent doors, night's ghost, novice DsMo
Slime:5 Dissolution; Royal Jelly

* * ,
############
.########
#........... , ,
.....VV@#
#.##########
*#######{#####.#
, ~ #TV.....# ~
~#T#####.####
#.# #......# ~
** #T# #.######
* , ,,,..# #. ,
* , ,, * #.# # *
* ~ #.# ,* , ,


You could see 2 friendly jiangshi, 2 friendly deep trolls, a friendly vampire
mage (summoned) and a friendly deep troll shaman (summoned).


Message History

Reactivating autopickup.
There is a stone staircase leading up here. 😕 HP[-7]
You take 7 damage, and now have 123/159 hp.
Your +4 shortbow of venom stops dripping with poison.
You feel stronger.
You feel clever.
You fly up into the air.
You feel magic leave you.
b - the +9 eveningstar of Xokoh (weapon)
{antimagic, Fly Str+2 Int+2, rare} 😕 HP[+2] MP[-9]
You regained 2 hp, and now have 125/159 hp.
Unknown command.
You float gracefully downwards.
You feel magic returning to you.
Your +4 shortbow of venom begins to drip with poison!
a - a +4 shortbow of venom (weapon)
Something hits you!!
Deactivating autopickup; reactivate with Ctrl-A.
Something misses you. 😮 HP[-30] MP[-2]
You take 30 damage, and now have 95/159 hp.
Your +4 shortbow of venom stops dripping with poison.
You feel stronger.
You feel clever.
You fly up into the air.
You feel magic leave you.
b - the +9 eveningstar of Xokoh (weapon)
{antimagic, Fly Str+2 Int+2, rare} Something completely misses you. x2 😮 HP[+2]
You regained 2 hp, and now have 97/159 hp.
You puncture something! Something hits you.
Something bites you but does no damage. 😮 HP[+2] MP[+1]
You regained 2 hp, and now have 99/159 hp.
You hit something. Something hits you!!
* * * LOW HITPOINT WARNING * * *
Something bites you but does no damage. Something hits you!!
* * * LOW HITPOINT WARNING * * *
Something bites you but does no damage. 😨 HP[-51] MP[-2]
You take 51 damage, and now have 48/159 hp.
MASSIVE DAMAGE!! (PAUSE)
You lost 2 mp, and now have 2/5 mp.
You hit something but do no damage. Something completely misses you.
Something bites you but does no damage. Something hits you!!
* * * LOW HITPOINT WARNING * * *
Something bites you.
* * * LOW HITPOINT WARNING * * *
Something draws strength from your injuries! 😱 HP[-33] MP[-1]
You take 33 damage, and now have 15/159 hp.
MASSIVE DAMAGE!! (PAUSE)
You lost 1 mp, and now have 1/5 mp.
You feel much better. Something closely misses you.
Something barely misses you. x2; Something bites you!
* * * LOW HITPOINT WARNING * * *
Something draws strength from your injuries! 😱 HP[+13] MP[+1]
You regained 13 hp, and now have 28/159 hp.
You feel much better. Something misses you. Something bites you.
* * * LOW HITPOINT WARNING * * *
Something draws strength from your injuries! 😨 HP[+29]
You regained 29 hp, and now have 57/159 hp.
Hit: b) +9 eveningstar of Xokoh {antimagic, Fly Str+2 Int+2, rare}
Press: ? - help, Dir - move target, f - you
Okay, then.
Okay, then.
Okay, then.
You don't have enough magic at the moment.
You hit something but do no damage. Your bite misses something.
Something completely misses you. x2; Something closely misses you.
Something bites you!
* * * LOW HITPOINT WARNING * * *
Something draws strength from your injuries!
Something hits you!!
* * * LOW HITPOINT WARNING * * *
Something misses you. 😱 HP[-27] MP[-1]
You take 27 damage, and now have 30/159 hp.
You lost 1 mp, and now have 1/5 mp.
You hit something but do no damage. Something closely misses you.
Something bites you.
* * * LOW HITPOINT WARNING * * *
Something hits you!!
* * * LOW HITPOINT WARNING * * *
Something misses you. 😱 HP[-16] MP[-1]
You take 16 damage, and now have 14/159 hp.
You lost 1 mp, and now have 0/5 mp.
You barely miss something. Something hits you.
* * * LOW HITPOINT WARNING * * *
Something bites you!
* * * LOW HITPOINT WARNING * * *
Something draws strength from your injuries!
Something closely misses you.
Something completely misses you. 😱 HP[-7] MP[+1]
You take 7 damage, and now have 7/159 hp.
Okay, then.
As you read the scroll of summoning, it crumbles to dust.
Wisps of shadow whirl around you... Something hits you.
* * * LOW HITPOINT WARNING * * *
Something bites you.
You die...

Skill      XL: |  1  2  3  4  5  6  7  8  9 10 11 12 13 14 15 16 |
---------------+-------------------------------------------------+-----
Dodging        | 3 4 5 6 8 9 11 12 13 15 16 17 | 17.6
Fighting       | 3 4 5 6 8 9 11 12 13 15 16 17 | 17.6
Ranged Weapons | 5 6 7 8 10 11 13 14 15 16 17 | 17.9
Stealth        | |  1.3

Action                   |  1- 3 |  4- 6 |  7- 9 | 10-12 | 13-15 | 16-18 || total
-------------------------+-------+-------+-------+-------+-------+-------++-------
Melee: Eveningstar       |     7 |     6 |    47 |    56 |    29 |    23 ||   168
       Constrict         |     1 |     2 |    11 |     7 |     5 |     2 ||    28
       Tentacles         |       |     1 |     7 |    19 |     9 |     5 ||    41
       Punch             |       |       |     1 |     1 |     2 |       ||     4
       Kick              |       |       |       |    17 |    17 |       ||    34
       Bite              |       |       |       |       |       |     4 ||     4
 Fire: Shortbow          |    53 |   120 |   313 |   575 |  1178 |   676 ||  2915
Evoke: Wand              |       |       |       |       |     7 |       ||     7
  Use: Scroll            |     6 |     3 |    13 |     6 |     6 |     8 ||    42
       Potion            |       |       |     1 |       |     1 |     6 ||     8
 Stab: Confused          |       |       |       |     1 |     1 |       ||     2
       Sleeping          |       |       |       |       |     1 |       ||     1
Armor: Skin              |     1 |     7 |    27 |    50 |    32 |    31 ||   148
Dodge: Dodged            |    17 |    42 |   132 |   339 |   558 |   449 ||  1537

Levels and vault maps discovered:
D:1:      dpeg_arrival_round_c, layout_basic,
          hellmonk_ecumenical_altar_prayer_group
D:2:      layout_loops_ring, uniq_natasha
D:3:      layout_rooms, overflow_temple_1_default, portal_sewer_entry_d,
          kennysheep_generic_room_13
D:4:      layout_basic, old_standard_altar, corexii_checkpoint_a
D:5:      layout_loops_ring, grunt_dithmenos_smoke_and_mirrors, trog_wizard,
          mainiacjoe_overflow_alcove_1, mainiacjoe_overflow_surrounded_room,
          nicolae_overflow_hidden_temple, serial_shops, shop_fountains,
          gammafunk_ghost_hive
D:6:      layout_rooms
D:7:      layout_basic, minmay_temple_entry_junction, biasface_ghost_orc_armoury
D:8:      layout_basic, grunt_temple_overflow_order_and_chaos_2,
          kiku_gazebo_pond_becter, mainiacjoe_overflow_paths, serial_shops,
          nicolae_shop_crystal
D:9:      layout_basic, grunt_lair_entry_orc_guard_hut, gammafunk_ghost_split
D:10:     kennysheep_kobold_lugonu_temple, layout_loops_ring
D:11:     layout_basic, minmay_fire_ice_demons, uniq_psyche, uniq_snorg
D:12:     layout_cave_pools, zombieorc2_lemuel, minmay_misc_feat_five,
          minmay_misc_feat_doors, slow_altar_2, uniq_lodul, uniq_sonja
D:13:     minmay_imperfect_grid, layout_layer_cave, erik_vaults_1, serial_shops,
          shop, nicolae_lava_and_water
D:14:     layout_loops_ring, minmay_staircase_bubble, uniq_agnes
D:15:     grunt_enter_depths_magical_seal, layout_loops_cross,
          nicolae_trove_entry_diagonal, serial_shops, nicolae_shop_statue_plus
Lair:1:   layout_layer_cave, basic_altar, gammafunk_lair_bear_cave,
          lemuel_fruit_fields, uniq_harold, uniq_erica
Lair:2:   layout_hall_layers, elwin_shoals_entry_stream
Lair:3:   beast_lair_carwin_large_3, layout_layer_cave,
          minmay_snake_entry_six_corridors, basic_altar, uniq_kirke
Lair:4:   layout_regular_city, slime_entry_1, chequers_serial_rivers_small_a,
          lemuel_fruit_fields
Lair:5:   minmay_lair_end_enchanted_forest, layout_long_grid,
          small_statue_intersection, uniq_rupert
Snake:1:  layout_layer_cave, portal_ice_cave_entry_pillars_three,
          grunt_ministairs_15, nicolae_shop_firing_range
Slime:1:  layout_caves
Slime:2:  layout_caves
Slime:3:  layout_caves, nicolae_slime_phagocytosis
Slime:4:  layout_caves
Slime:5:  uniq_dissolution
Orc:1:    layout_caves
Orc:2:    hellmonk_orc_salted, layout_diamond_mine, basic_altar,
          lightli_orcish_oven
Depths:1: thingy_vault, layout_long_grid, good_gods_mini_temple,
          grunt_hell_entry_dis_grunt, okawaru_gym_becter
Depths:2: minmay_crystal_thing, layout_basic, enter_ziggurat_c,
          rand_demon_pan_entry_9, grunt_mini_vestibule, serial_shops,
          nicolae_shop_hallway_plus, uniq_josephina, uniq_vv
Depths:3: dreamdust_cat_pyramid, layout_basic, hell_entry, serial_shops, shop,
          hangedman_decor_clover_reticule, abyss_entry,
          minmay_misc_feat_four_crosses, infiniplex_staircase_pool_1
Depths:4: grunt_zot_entry_tricorne, layout_gridlike, hell_entry,
          serial_aquarium, aquarium_bridge_square [aquarium_subvault_window,
          aquarium_subvault_balcony, aquarium_subvault_bridge,
          aquarium_subvault_bridge], aquarium_bridge_long_joined
          [aquarium_subvault_bridge, aquarium_subvault_wall,
          aquarium_subvault_balcony, aquarium_subvault_balcony,
          aquarium_subvault_window, aquarium_subvault_bridge],
          aquarium_window_fake, aquarium_window_fake,
          aquarium_window_corridor_1, aquarium_window_1, aquarium_view_2g,
          aquarium_pool_four, abyss_entry, minivault_14, uniq_grunn

Notes
Turn   | Place    | Note
-------+----------+-------------------------------------------
     0 | D:1      | Galthrax the Octopode Hunter began the quest for the Orb.
     0 | D:1      | Reached XP level 1. HP: 14/14 MP: 1/1
     0 | D:1      | magus.rc [v1.11.3]
   136 | D:1      | Reached XP level 2. HP: 10/19 MP: 2/2
   759 | D:1      | Found a faded altar of an unknown god.
   859 | D:1      | Identified a scroll of acquirement
   859 | D:1      | Acquired the +9 eveningstar of Xokoh {antimagic, Fly Str+2
                  | Int+2}
   860 | D:1      | h - the +9 eveningstar of Xokoh {antimagic, Fly Str+2
                  | Int+2, rare}
   861 | D:1      | b - the +9 eveningstar of Xokoh {antimagic, Fly Str+2
                  | Int+2, rare}
   861 | D:1      | b - the +9 eveningstar of Xokoh (weapon) {antimagic, Fly
                  | Str+2 Int+2, rare}
   890 | D:2      | Noticed Natasha
   893 | D:2      | b - the +9 eveningstar of Xokoh (weapon) {antimagic, Fly
                  | Str+2 Int+2, rare}
   895 | D:2      | Reached XP level 3. HP: 13/25 MP: 1/3
   896 | D:2      | HP: 6/25 [poisoned by an adder]
   899 | D:2      | Killed Natasha
   899 | D:2      | HP: 2/25 [poisoned by an adder]
  1123 | D:2      | Noticed Natasha
  1165 | D:2      | b - the +9 eveningstar of Xokoh (weapon) {antimagic, Fly
                  | Str+2 Int+2, rare}
  1167 | D:2      | Reached XP level 4. HP: 28/30 MP: 1/4
  1278 | D:2      | Reached skill level 3 in Dodging
  1280 | D:2      | Killed Natasha
  1281 | D:2      | Reached skill level 3 in Fighting
  1445 | D:2      | Reached XP level 5. HP: 36/36 MP: 5/5
  2085 | D:3      | You pick up a book of Storms and begin reading...
  2085 | D:3      | You add the spells Airstrike, Summon Lightning Spire and
                  | Lightning Bolt to your library.
  2131 | D:3      | b - the +9 eveningstar of Xokoh (weapon) {antimagic, Fly
                  | Str+2 Int+2, rare}
  2134 | D:3      | Found a glowing drain.
  2143 | Sewer    | Entered a sewer
  2226 | Sewer    | Reached skill level 5 in Ranged Weapons
  2265 | Sewer    | Reached XP level 6. HP: 32/43 MP: 6/6
  2373 | Sewer    | Found an ancient bone altar of Kikubaaqudgha.
  2389 | Sewer    | Noticed Grinder
  2417 | Sewer    | b - the +9 eveningstar of Xokoh (weapon) {antimagic, Fly
                  | Str+2 Int+2, rare}
  2420 | Sewer    | Killed Grinder
  2421 | Sewer    | Reached skill level 4 in Fighting
  2421 | Sewer    | Reached skill level 4 in Dodging
  2567 | Sewer    | b - the +9 eveningstar of Xokoh (weapon) {antimagic, Fly
                  | Str+2 Int+2, rare}
  2570 | Sewer    | Reached XP level 7. HP: 39/49 MP: 2/7
  2687 | Sewer    | b - the +9 eveningstar of Xokoh (weapon) {antimagic, Fly
                  | Str+2 Int+2, rare}
  3087 | D:3      | Found an ornate altar of the Wu Jian Council.
  3101 | D:3      | b - the +9 eveningstar of Xokoh (weapon) {antimagic, Fly
                  | Str+2 Int+2, rare}
  3548 | D:4      | Reached skill level 6 in Ranged Weapons
  3674 | D:4      | b - the +9 eveningstar of Xokoh (weapon) {antimagic, Fly
                  | Str+2 Int+2, rare}
  3676 | D:4      | Reached skill level 5 in Fighting
  3790 | D:4      | Found a white marble altar of Elyvilon.
  3870 | D:4      | Reached skill level 5 in Dodging
  3951 | D:4      | Identified the amulet "Eliuse" {Spirit rC- Regen+ Int+2
                  | Dex+3}
  4365 | D:5      | Entered Level 5 of the Dungeon
  4491 | D:1      | Prayed at the altar of an unknown god.
  4491 | D:1      | Became a worshipper of Jiyva Jeude the Shapeless
  4491 | D:1      | Reached * piety under Jiyva
  4626 | D:5      | You pick up a book of Winter and begin reading...
  4626 | D:5      | You add the spells Ozocubu's Armour, Metabolic Englaciation
                  | and Simulacrum to your library.
  4638 | D:5      | Reached XP level 8. HP: 56/56 MP: 8/8
  4654 | D:5      | Found a shadowy altar of Dithmenos.
  4703 | D:5      | b - the +9 eveningstar of Xokoh (weapon) {antimagic, Fly
                  | Str+2 Int+2, rare}
  4815 | D:5      | b - the +9 eveningstar of Xokoh (weapon) {antimagic, Fly
                  | Str+2 Int+2, rare}
  4841 | D:5      | Found a transporter.
  4845 | D:5      | Identified the +1 buckler of the Flute {+Blink rElec rC-
                  | Str+4}
  4847 | D:5      | Found a transporter.
  4851 | D:5      | b - the +9 eveningstar of Xokoh (weapon) {antimagic, Fly
                  | Str+2 Int+2, rare}
  4870 | D:5      | Noticed a hornet
  4870 | D:5      | Noticed SockSock's ghost (novice OpFE)
  4877 | D:5      | Reached ** piety under Jiyva
  4953 | D:5      | Found a stormy altar of Qazlal.
  4980 | D:5      | Found a blossoming altar of Fedhas.
  4982 | D:5      | Found a glowing golden altar of the Shining One.
  5019 | D:5      | b - the +9 eveningstar of Xokoh (weapon) {antimagic, Fly
                  | Str+2 Int+2, rare}
  5020 | D:5      | Found a sacrificial altar of Ru.
  5031 | D:5      | b - the +9 eveningstar of Xokoh (weapon) {antimagic, Fly
                  | Str+2 Int+2, rare}
  5071 | D:5      | Reached skill level 6 in Fighting
  5071 | D:5      | Reached skill level 7 in Ranged Weapons
  5071 | D:5      | Reached skill level 6 in Dodging
  5095 | D:5      | b - the +9 eveningstar of Xokoh (weapon) {antimagic, Fly
                  | Str+2 Int+2, rare}
  5219 | D:5      | Found Faopimil's Antique Armour Shoppe.
  5260 | D:5      | Found a bloodstained altar of Trog.
  5261 | D:5      | Noticed a wizard
  5267 | D:5      | Killed a wizard
  5536 | D:6      | You add the spells Summon Forest, Eringya's Noxious Bog and
                  | Summon Hydra to your library.
  5607 | D:6      | Reached XP level 9. HP: 63/63 MP: 9/9
  5640 | D:6      | Reached *** piety under Jiyva
  5640 | D:6      | Gained mutation: You are strong-willed. (Will+) [Jiyva's
                  | grace]
  5640 | D:6      | Gained mutation: You are highly strong-willed. (Will++)
                  | [Jiyva's grace]
  5640 | D:6      | Gained mutation: You are extremely strong-willed. (Will+++)
                  | [Jiyva's grace]
  5640 | D:6      | Gained mutation: You have a small jelly attached to you
                  | that may absorb projectiles. [Jiyva's grace]
  5701 | D:6      | b - the +9 eveningstar of Xokoh (weapon) {antimagic, Fly
                  | Str+2 Int+2, rare}
  5727 | D:6      | Reached skill level 7 in Fighting
  5727 | D:6      | Reached skill level 7 in Dodging
  5842 | D:6      | You add the spells Conjure Flame, Ignite Poison and Sticky
                  | Flame to your library.
  5974 | D:6      | Reached skill level 8 in Ranged Weapons
  5987 | D:6      | b - the +9 eveningstar of Xokoh (weapon) {antimagic, Fly
                  | Str+2 Int+2, rare}
  6021 | D:7      | b - the +9 eveningstar of Xokoh (weapon) {antimagic, Fly
                  | Str+2 Int+2, rare}
  6108 | D:7      | Found a staircase to the Ecumenical Temple.
  6324 | D:7      | Reached **** piety under Jiyva
  6553 | D:7      | b - the +9 eveningstar of Xokoh (weapon) {antimagic, Fly
                  | Str+2 Int+2, rare}
  6702 | D:7      | b - the +9 eveningstar of Xokoh (weapon) {antimagic, Fly
                  | Str+2 Int+2, rare}
  6732 | D:7      | Found a runed translucent gate.
  6733 | D:7      | Found a runed translucent gate.
  6734 | D:7      | Found a runed translucent gate.
  6742 | D:7      | Noticed sentinel's ghost (novice MeEE)
  6745 | D:7      | Identified the +6 chain mail of the Eternal Fruit {rPois
                  | rCorr Str-4 SInv}
  6973 | D:8      | b - the +9 eveningstar of Xokoh (weapon) {antimagic, Fly
                  | Str+2 Int+2, rare}
  7011 | D:8      | Found an ancient bone altar of Kikubaaqudgha.
  7073 | D:8      | Found a hide-covered altar of Uskayaw.
  7151 | D:8      | Reached skill level 8 in Fighting
  7151 | D:8      | Reached skill level 8 in Dodging
  7194 | D:8      | Found Busch's Jewellery Shop.
  7399 | D:8      | Found a burning altar of Makhleb.
  7405 | D:8      | Found a glowing silver altar of Zin.
  7405 | D:8      | Noticed an angel
  7406 | D:8      | Noticed a green death
  7490 | D:8      | Lost mutation: You are extremely strong-willed. (Will+++)
                  | [Jiyva's grace]
  7490 | D:8      | Lost mutation: You have a small jelly attached to you that
                  | may absorb projectiles. [Jiyva's grace]
  7490 | D:8      | Gained mutation: Your pliable body absorbs attacks. (AC +2,
                  | EV +2) [Jiyva's grace]
  7490 | D:8      | Gained mutation: Your gelatinous body deflects attacks. (AC
                  | +3, EV +3) [Jiyva's grace]
  7490 | D:8      | Gained mutation: Your body has grown eyes which may confuse
                  | attackers. (Acc +3) [Jiyva's grace]
  7490 | D:8      | Gained mutation: Your body has grown many eyes which may
                  | confuse attackers. (Acc +5) [Jiyva's grace]
  7574 | D:8      | b - the +9 eveningstar of Xokoh (weapon) {antimagic, Fly
                  | Str+2 Int+2, rare}
  7578 | D:8      | Reached XP level 10. HP: 72/72 MP: 3/10
  7644 | D:9      | Reached ***** piety under Jiyva
  7647 | D:9      | Found a runed translucent gate.
  7647 | D:9      | Found a runed translucent gate.
  7647 | D:9      | Found a runed translucent gate.
  7649 | D:9      | Noticed a manticore
  7653 | D:9      | Noticed night's ghost (novice DsMo)
  7653 | D:9      | Noticed a manticore
  7656 | D:9      | Noticed a kobold demonologist
  7684 | D:9      | Reached skill level 9 in Ranged Weapons
  7992 | D:9      | Reached skill level 9 in Fighting
  7992 | D:9      | Reached skill level 9 in Dodging
  8171 | D:9      | Reached skill level 10 in Ranged Weapons
  8247 | D:9      | Found a staircase to the Lair.
  8584 | D:10     | Entered Level 10 of the Dungeon
  8711 | D:10     | Reached XP level 11. HP: 81/81 MP: 11/11
  8728 | D:10     | Reached skill level 10 in Fighting
  8732 | D:10     | Reached skill level 10 in Dodging
  8786 | D:10     | Found a corrupted altar of Lugonu.
  8808 | D:10     | Noticed a soul eater
  8813 | D:10     | b - the +9 eveningstar of Xokoh (weapon) {antimagic, Fly
                  | Str+2 Int+2, rare}
  9092 | D:10     | b - the +9 eveningstar of Xokoh (weapon) {antimagic, Fly
                  | Str+2 Int+2, rare}
  9171 | D:10     | Reached skill level 11 in Ranged Weapons
  9513 | D:11     | Noticed Snorg
  9518 | D:11     | b - the +9 eveningstar of Xokoh (weapon) {antimagic, Fly
                  | Str+2 Int+2, rare}
  9520 | D:11     | Killed Snorg
  9729 | D:11     | Noticed a two-headed ogre
  9735 | D:11     | Killed a two-headed ogre
  9736 | D:11     | Reached skill level 11 in Fighting
  9736 | D:11     | Reached skill level 11 in Dodging
  9759 | D:11     | Noticed a cyan ugly thing
  9764 | D:11     | b - the +9 eveningstar of Xokoh (weapon) {antimagic, Fly
                  | Str+2 Int+2, rare}
  9768 | D:11     | Killed a cyan ugly thing
  9801 | D:11     | Reached XP level 12. HP: 88/90 MP: 12/12
  9827 | D:11     | Lost mutation: You are highly strong-willed. (Will++)
                  | [Jiyva's grace]
  9827 | D:11     | Gained mutation: Your flesh is heat resistant. (rF+)
                  | [Jiyva's grace]
  9827 | D:11     | Gained mutation: Your flesh is very heat resistant. (rF++)
                  | [Jiyva's grace]
  9827 | D:11     | Gained mutation: Your flesh is almost immune to the effects
                  | of heat. (rF+++) [Jiyva's grace]
  9827 | D:11     | Gained mutation: One of your tentacles bears a spike.
                  | [Jiyva's grace]
  9834 | D:11     | Reached ****** piety under Jiyva
  9840 | D:11     | Noticed Psyche
  9847 | D:11     | Killed Psyche
 10047 | D:11     | Noticed a boulder beetle
 10057 | D:11     | Killed a boulder beetle
 10100 | D:11     | Noticed a sun demon
 10107 | D:11     | b - the +9 eveningstar of Xokoh (weapon) {antimagic, Fly
                  | Str+2 Int+2, rare}
 10280 | D:11     | Reached skill level 12 in Ranged Weapons
 10387 | D:11     | b - the +9 eveningstar of Xokoh (weapon) {antimagic, Fly
                  | Str+2 Int+2, rare}
 10482 | D:11     | b - the +9 eveningstar of Xokoh (weapon) {antimagic, Fly
                  | Str+2 Int+2, rare}
 10530 | D:12     | b - the +9 eveningstar of Xokoh (weapon) {antimagic, Fly
                  | Str+2 Int+2, rare}
 10566 | D:12     | b - the +9 eveningstar of Xokoh (weapon) {antimagic, Fly
                  | Str+2 Int+2, rare}
 10595 | D:12     | Noticed Lodul
 10724 | D:8      | Bought the ring "Mymp" {Will+ Dex+4} for 606 gold pieces
 10810 | D:12     | Noticed Sonja
 10818 | D:12     | Killed Sonja
 10897 | D:12     | b - the +9 eveningstar of Xokoh (weapon) {antimagic, Fly
                  | Str+2 Int+2, rare}
 11014 | D:12     | Reached skill level 12 in Fighting
 11016 | D:12     | Identified the +6 quarterstaff of Shame {vorpal, rPois}
 11029 | D:12     | Reached skill level 12 in Dodging
 11043 | D:12     | Killed Lodul
 11063 | D:12     | Found a staircase to the Orcish Mines.
 11119 | D:12     | Found a snail-covered altar of Cheibriados.
 11248 | D:12     | b - the +9 eveningstar of Xokoh (weapon) {antimagic, Fly
                  | Str+2 Int+2, rare}
 11447 | D:13     | Noticed a centaur warrior
 11453 | D:13     | Killed a centaur warrior
 11600 | D:13     | Noticed a catoblepas
 11604 | D:13     | b - the +9 eveningstar of Xokoh (weapon) {antimagic, Fly
                  | Str+2 Int+2, rare}
 11604 | D:13     | Noticed a centaur warrior
 11606 | D:13     | Noticed a centaur warrior
 11626 | D:13     | Killed a catoblepas
 11643 | D:13     | Killed a centaur warrior
 11648 | D:13     | Killed a centaur warrior
 11649 | D:13     | Reached skill level 13 in Ranged Weapons
 11649 | D:13     | Reached XP level 13. HP: 97/98 MP: 11/13
 11685 | D:13     | You pick up a book of Rime and begin reading...
 11685 | D:13     | You add the spells Frozen Ramparts, Ice Form and Summon Ice
                  | Beast to your library.
 11820 | D:13     | Reached skill level 13 in Fighting
 11820 | D:13     | Reached skill level 13 in Dodging
 11840 | D:13     | Noticed a fire dragon
 11869 | D:13     | Killed a fire dragon
 11890 | D:13     | You fall into a shaft and drop 2 floors!
 11890 | D:15     | Entered Level 15 of the Dungeon
 12016 | D:14     | Noticed Agnes
 12026 | D:14     | Killed Agnes
 12062 | D:14     | You pick up a book of Storms and begin reading...
 12376 | D:13     | Lost mutation: Your flesh is almost immune to the effects
                  | of heat. (rF+++) [Jiyva's grace]
 12376 | D:13     | Lost mutation: Your flesh is very heat resistant. (rF++)
                  | [Jiyva's grace]
 12376 | D:13     | Lost mutation: You are strong-willed. (Will+) [Jiyva's
                  | grace]
 12376 | D:13     | Lost mutation: Your body has grown many eyes which may
                  | confuse attackers. (Acc +5) [Jiyva's grace]
 12376 | D:13     | Gained mutation: You passively map a small area around you.
                  | [Jiyva's grace]
 12376 | D:13     | Gained mutation: You passively map the area around you.
                  | [Jiyva's grace]
 12376 | D:13     | Gained mutation: You passively map a large area around you.
                  | [Jiyva's grace]
 12376 | D:13     | Gained mutation: You are agile. (Dex +4, Str/Int -1)
                  | [Jiyva's grace]
 12609 | D:13     | b - the +9 eveningstar of Xokoh (weapon) {antimagic, Fly
                  | Str+2 Int+2, rare}
 12629 | D:13     | Found a gate to the Vaults.
 12636 | D:13     | b - the +9 eveningstar of Xokoh (weapon) {antimagic, Fly
                  | Str+2 Int+2, rare}
 12799 | D:13     | You add the spells Summon Guardian Golem, Call Canine
                  | Familiar and Necromutation to your library.
 12799 | D:13     | Got the Quarto of Summoning and the Mausoleum
 12830 | D:13     | Found Utulecka's Weapon Emporium.
 13160 | D:13     | b - the +9 eveningstar of Xokoh (weapon) {antimagic, Fly
                  | Str+2 Int+2, rare}
 13209 | D:13     | Reached skill level 14 in Ranged Weapons
 13898 | D:15     | Reached XP level 14. HP: 107/107 MP: 14/14
 13919 | D:15     | You pick up a book of Sloth and begin reading...
 13919 | D:15     | You add the spells Petrify and Statue Form to your library.
 13938 | D:15     | Reached skill level 14 in Fighting
 13938 | D:15     | Reached skill level 14 in Dodging
 13967 | D:15     | b - the +9 eveningstar of Xokoh (weapon) {antimagic, Fly
                  | Str+2 Int+2, rare}
 13995 | D:15     | Found Ziethib's Distillery.
 14006 | D:15     | Found a portal to a secret trove of treasure.
 14040 | D:15     | Found a staircase to the Depths.
 14047 | D:15     | b - the +9 eveningstar of Xokoh (weapon) {antimagic, Fly
                  | Str+2 Int+2, rare}
 14052 | D:15     | b - the +9 eveningstar of Xokoh (weapon) {antimagic, Fly
                  | Str+2 Int+2, rare}
 14700 | D:15     | This trove needs a +6 demon trident to function. Give it
                  | the item?
 14779 | Orc:1    | Entered Level 1 of the Orcish Mines
 14801 | Orc:1    | b - the +9 eveningstar of Xokoh (weapon) {antimagic, Fly
                  | Str+2 Int+2, rare}
 15106 | Orc:1    | Lost mutation: Your body has grown eyes which may confuse
                  | attackers. (Acc +3) [Jiyva's grace]
 15106 | Orc:1    | Gained mutation: You are robust. (+10% HP) [Jiyva's grace]
 15106 | Orc:1    | Gained mutation: You are very robust. (+20% HP) [Jiyva's
                  | grace]
 15106 | Orc:1    | Gained mutation: You are extremely robust. (+30% HP)
                  | [Jiyva's grace]
 15106 | Orc:1    | Gained mutation: You are very agile. (Dex +8, Str/Int -2)
                  | [Jiyva's grace]
 15185 | Orc:2    | Entered Level 2 of the Orcish Mines
 15186 | Orc:2    | b - the +9 eveningstar of Xokoh (weapon) {antimagic, Fly
                  | Str+2 Int+2, rare}
 15308 | Orc:2    | Found a bloodstained altar of Trog.
 15308 | Orc:2    | Found a staircase to the Elven Halls.
 15459 | Orc:2    | Noticed an orc warlord
 15463 | Orc:2    | Reached skill level 15 in Ranged Weapons
 15477 | Orc:2    | Killed an orc warlord
 15500 | Orc:2    | Found Gylone Gowu's Antique Armour Boutique.
 15567 | Orc:2    | Found Lerekh's Distillery.
 15569 | Orc:2    | Found Boenil's Jewellery Shoppe.
 15584 | Orc:2    | Found Feerriudd's Book Shoppe.
 15784 | Orc:2    | Bought a potion of heal wounds for 75 gold pieces
 15784 | Orc:2    | Bought a potion of heal wounds for 75 gold pieces
 15784 | Orc:2    | Bought a potion of heal wounds for 75 gold pieces
 15784 | Orc:2    | Bought a potion of heal wounds for 75 gold pieces
 16366 | Depths:1 | Entered Level 1 of the Depths
 16373 | Depths:1 | Found an iron altar of Okawaru.
 16387 | Depths:1 | Reached skill level 15 in Fighting
 16404 | Depths:1 | Found a glowing golden altar of the Shining One.
 16404 | Depths:1 | Found a white marble altar of Elyvilon.
 16404 | Depths:1 | Found a glowing silver altar of Zin.
 16424 | Depths:1 | Reached skill level 15 in Dodging
 16426 | Depths:1 | Noticed a stone giant
 16435 | Depths:1 | Killed a stone giant
 16575 | Depths:1 | b - the +9 eveningstar of Xokoh (weapon) {antimagic, Fly
                  | Str+2 Int+2, rare}
 16665 | Depths:1 | Found a gateway to Hell.
 16665 | Depths:1 | Noticed an iron dragon
 16679 | Depths:1 | b - the +9 eveningstar of Xokoh (weapon) {antimagic, Fly
                  | Str+2 Int+2, rare}
 16688 | Depths:1 | Killed an iron dragon
 16689 | Depths:1 | Reached XP level 15. HP: 69/150 MP: 4/15
 16865 | Depths:1 | Noticed a fire giant
 16865 | Depths:1 | Noticed a fire giant
 17052 | Lair:1   | Entered Level 1 of the Lair of Beasts
 17215 | Lair:1   | Lost mutation: You passively map a large area around you.
                  | [Jiyva's grace]
 17215 | Lair:1   | Gained mutation: Your body has grown eyes which may confuse
                  | attackers. (Acc +3) [Jiyva's grace]
 17215 | Lair:1   | Gained mutation: Your body has grown many eyes which may
                  | confuse attackers. (Acc +5) [Jiyva's grace]
 17215 | Lair:1   | Gained mutation: Your body is covered in eyes which may
                  | confuse attackers. (Acc +7, SInv) [Jiyva's grace]
 17215 | Lair:1   | Gained mutation: You have a small jelly attached to you
                  | that may absorb projectiles. [Jiyva's grace]
 17222 | Lair:1   | Noticed Harold
 17228 | Lair:1   | Killed Harold
 17231 | Lair:1   | Noticed Erica
 17236 | Lair:1   | Killed Erica
 17552 | Lair:1   | Found a shadowy altar of Dithmenos.
 17704 | Lair:1   | Reached skill level 16 in Ranged Weapons
 17843 | Lair:1   | Identified the +1 robe of the Tundras {Dex+4}
 18596 | Lair:2   | Found a staircase to the Shoals.
 18801 | Lair:2   | Lost mutation: One of your tentacles bears a spike.
                  | [Jiyva's grace]
 18801 | Lair:2   | Lost mutation: Your body is covered in eyes which may
                  | confuse attackers. (Acc +7, SInv) [Jiyva's grace]
 18801 | Lair:2   | Lost mutation: Your gelatinous body deflects attacks. (AC
                  | +3, EV +3) [Jiyva's grace]
 18801 | Lair:2   | Lost mutation: You have a small jelly attached to you that
                  | may absorb projectiles. [Jiyva's grace]
 18801 | Lair:2   | Gained mutation: Your natural rate of healing is unusually
                  | fast. [Jiyva's grace]
 18801 | Lair:2   | Gained mutation: You heal very quickly. [Jiyva's grace]
 18801 | Lair:2   | Gained mutation: You regenerate. [Jiyva's grace]
 18801 | Lair:2   | Gained mutation: You have a small jelly attached to you
                  | that may absorb projectiles. [Jiyva's grace]
 19093 | Lair:3   | Found an ornate altar of the Wu Jian Council.
 19188 | Lair:3   | Found a staircase to the Snake Pit.
 19229 | Lair:3   | Reached skill level 16 in Fighting
 19229 | Lair:3   | Reached skill level 16 in Dodging
 19896 | Lair:3   | Noticed Kirke
 19933 | Lair:3   | b - the +9 eveningstar of Xokoh (weapon) {antimagic, Fly
                  | Str+2 Int+2, rare}
 19935 | Lair:3   | Killed Kirke
 20576 | Lair:4   | Lost mutation: You are very agile. (Dex +8, Str/Int -2)
                  | [Jiyva's grace]
 20576 | Lair:4   | Lost mutation: You regenerate. [Jiyva's grace]
 20576 | Lair:4   | Lost mutation: You heal very quickly. [Jiyva's grace]
 20576 | Lair:4   | Lost mutation: Your body has grown many eyes which may
                  | confuse attackers. (Acc +5) [Jiyva's grace]
 20576 | Lair:4   | Gained mutation: Your muscles are strong. (Str +4, Int/Dex
                  | -1) [Jiyva's grace]
 20576 | Lair:4   | Gained mutation: Your muscles are very strong. (Str +8,
                  | Int/Dex -2) [Jiyva's grace]
 20576 | Lair:4   | Gained mutation: You have acidic saliva. [Jiyva's grace]
 20576 | Lair:4   | Gained mutation: Your flesh is cold resistant. (rC+)
                  | [Jiyva's grace]
 20582 | Lair:4   | Found a staircase to the Slime Pits.
 20582 | Lair:4   | Found a viscous altar of Jiyva.
 20854 | Lair:4   | Reached XP level 16. HP: 150/162 MP: 13/16
 21284 | Lair:5   | Entered Level 5 of the Lair of Beasts
 21349 | Slime:1  | Entered Level 1 of the Pits of Slime
 21363 | Slime:1  | Noticed an acid blob
 21430 | Slime:1  | Noticed an azure jelly
 21434 | Slime:1  | Noticed an acid blob
 21445 | Slime:1  | Noticed an acid blob
 21565 | Snake:1  | Entered Level 1 of the Snake Pit
 21639 | Slime:2  | Noticed an acid blob
 21639 | Slime:2  | Noticed an acid blob
 21654 | Slime:2  | Noticed an acid blob
 21736 | Slime:5  | Entered Level 5 of the Pits of Slime
 21765 | Slime:5  | Noticed an acid blob
 21820 | Slime:5  | Noticed an acid blob
 21895 | Slime:5  | Noticed a rockslime
 21913 | Slime:5  | Found a viscous altar of Jiyva.
 21916 | Slime:5  | Noticed an acid blob
 21917 | Slime:5  | Noticed an acid blob
 21918 | Slime:5  | Identified the +2 scale mail of the Cicada {+Inv rF- rN+++
                  | Str-5}
 21924 | Slime:5  | Identified the amulet "Edecluz" {Acrobat *Slow rF+ Int+7
                  | Slay+2}
 21927 | Slime:5  | Got a slimy rune of Zot
 21947 | Slime:5  | Noticed the Royal Jelly
 21953 | Slime:5  | Noticed a rockslime
 21957 | Slime:5  | Noticed an acid blob
 21961 | Slime:5  | Noticed Dissolution
 21968 | Slime:5  | Noticed an acid blob
 22260 | Lair:5   | Noticed Rupert
 22283 | Lair:5   | Killed Rupert
 22425 | Lair:5   | Reached skill level 17 in Ranged Weapons
 22990 | Lair:5   | Reached skill level 17 in Fighting
 23407 | D:15     | Reached skill level 17 in Dodging
 23467 | Depths:1 | Noticed a tentacled monstrosity
 23712 | Depths:1 | Killed a tentacled monstrosity
 23817 | Depths:1 | Noticed a golden dragon
 23849 | Depths:1 | Lost mutation: You are agile. (Dex +4, Str/Int -1) [Jiyva's
                  | grace]
 23849 | Depths:1 | Lost mutation: Your flesh is heat resistant. (rF+) [Jiyva's
                  | grace]
 23849 | Depths:1 | Lost mutation: You passively map the area around you.
                  | [Jiyva's grace]
 23849 | Depths:1 | Lost mutation: You are extremely robust. (+30% HP) [Jiyva's
                  | grace]
 23849 | Depths:1 | Lost mutation: Your body has grown eyes which may confuse
                  | attackers. (Acc +3) [Jiyva's grace]
 23849 | Depths:1 | Lost mutation: You have a small jelly attached to you that
                  | may absorb projectiles. [Jiyva's grace]
 23849 | Depths:1 | Gained mutation: Your spells are a little harder to cast,
                  | but a little more powerful. [Jiyva's grace]
 23849 | Depths:1 | Gained mutation: Your spells are harder to cast, but more
                  | powerful. [Jiyva's grace]
 23849 | Depths:1 | Gained mutation: Your spells are much harder to cast, but
                  | much more powerful. [Jiyva's grace]
 23849 | Depths:1 | Gained mutation: You expend magic power (3 MP) to
                  | strengthen your wands. [Jiyva's grace]
 23881 | Depths:1 | HP: 16/151 [golden dragon/bolt of cold (34)]
 23886 | Depths:1 | HP: 27/151 [golden dragon (7)]
 23949 | Depths:1 | Killed a golden dragon
 24241 | Depths:1 | b - the +9 eveningstar of Xokoh (weapon) {antimagic, Fly
                  | Str+2 Int+2, rare}
 24486 | Depths:2 | You fall into a shaft and drop 2 floors!
 24486 | Depths:4 | Entered Level 4 of the Depths
 24486 | Depths:4 | Found a one-way gate to the infinite horrors of the Abyss.
 24488 | Depths:4 | b - the +9 eveningstar of Xokoh (weapon) {antimagic, Fly
                  | Str+2 Int+2, rare}
 24493 | Depths:4 | Reached XP level 17. HP: 140/159 MP: 5/17
 24555 | Depths:4 | You pick up a book of Air and begin reading...
 24555 | Depths:4 | You add the spells Shock and Swiftness to your library.
 24575 | Depths:4 | b - the +9 eveningstar of Xokoh (weapon) {antimagic, Fly
                  | Str+2 Int+2, rare}
 24581 | Depths:4 | Noticed a tentacled monstrosity
 24590 | Depths:4 | b - the +9 eveningstar of Xokoh (weapon) {antimagic, Fly
                  | Str+2 Int+2, rare}
 24593 | Depths:4 | Killed a tentacled monstrosity
 24652 | Depths:3 | b - the +9 eveningstar of Xokoh (weapon) {antimagic, Fly
                  | Str+2 Int+2, rare}
 24712 | Depths:4 | b - the +9 eveningstar of Xokoh (weapon) {antimagic, Fly
                  | Str+2 Int+2, rare}
 24714 | Depths:4 | b - the +9 eveningstar of Xokoh (weapon) {antimagic, Fly
                  | Str+2 Int+2, rare}
 24717 | Depths:4 | HP: 20/159 [something (33)]
 24720 | Depths:4 | Hit: b) +9 eveningstar of Xokoh {antimagic, Fly Str+2
                  | Int+2, rare}
 24720 | Depths:4 | Hit: b) +9 eveningstar of Xokoh {antimagic, Fly Str+2
                  | Int+2, rare}
 24722 | Depths:4 | HP: 14/159 [something (5)]
 24723 | Depths:4 | HP: 5/159 [something (6)]
 24723 | Depths:4 | Slain by a vampire knight

Vanquished Creatures
  A golden dragon (Depths:1)
  Rupert (Lair:5)
  2 tentacled monstrosities
  Kirke (Lair:3)
  Agnes (D:14)
  2 fire giants
  An iron dragon (Depths:1)
  An orc warlord (Orc:2)
  2 frost giants (Depths:1)
  2 stone giants
  A purple draconian (Depths:4)
  4 ettins
  Snorg (D:11)
  3 fire dragons
  Erica (Lair:1)
  A boulder beetle (D:11)
  5 ice dragons
  Harold (Lair:1)
  2 catoblepae
  8 hydras
  2 spriggan air magi
  A naga warrior (Lair:3)
  7 centaur warriors
  2 dancing weapons (D:13)
  3 two-headed ogres
  A deep troll shaman (Depths:1)
  A vampire mage (Depths:3)
  3 tengu warriors
  9 death yaks
  3 deep troll earth magi
  A spriggan berserker (Depths:1)
  Sonja (D:12)
  2 iron trolls (D:15)
  4 deep trolls
  6 deep elf pyromancers
  7 orc knights (Orc:2)
  3 necromancers
  7 cyclopes
  4 wizards
  9 ugly things
  6 orc sorcerers
  3 manticores
  4 centaur zombies (D:15)
  3 elephants (Lair:5)
  2 merfolk sirens (Lair:2)
  A torpor snail (Lair:5)
  7 black mambas
  12 cane toads
  Psyche (D:11)
  A rime drake (Lair:2)
  An unseen horror (D:12)
  A naga mage (D:15)
  4 kobold demonologists
  2 efreet (D:13)
  3 tengu conjurers
  4 komodo dragons
  2 merfolk (Lair:2)
  8 trolls
  11 polar bears
  6 hornets
  2 wind drakes (shapeshifter)
  37 blink frogs
  3 dream sheep (Lair:5)
  7 saltlings (Orc:2)
  Grinder (Sewer)
  A vampire (D:11)
  4 wraiths
  2 water elementals
  A shadow (D:12)
  55 yaks
  5 wyverns
  12 spriggans (Lair:5)
  7 hogs (Lair:3)
  5 basilisks
  A redback (D:13)
  A steam dragon (D:8)
  8 vampire mosquitoes
  4 acid dragons
  11 water moccasins
  A warg (Orc:1)
  25 orc warriors
  2 ice beasts (D:5)
  An ice beast (shapeshifter) (D:13)
  11 black bears
  10 ogres
  18 centaurs
  21 wolves
  3 boggarts (Lair:5)
  5 phantoms
  17 bullfrogs
  2 necrophages (D:6)
  5 scorpions
  2 wights (Sewer)
  2 troll zombies (D:12)
  9 killer bees (D:9)
  A howler monkey (D:13)
  An electric eel (Lair:1)
  2 hounds
  23 orc priests
  3 iguanas
  An iron imp (D:12)
  Natasha (twice) (D:2)
  19 orc wizards
  6 ogre zombies (D:12)
  10 adders
  6 gnolls
  2 shadow imps
  2 white imps
  An ufetubus (D:6)
  3 dart slugs
  68 orcs
  A bat zombie (Sewer)
  12 endoplasms
  5 goblins
  7 hobgoblins
  4 jackals (D:2)
  3 quokkas
  8 ball pythons
  8 bats
  3 frilled lizards
  A giant cockroach zombie (Sewer)
  A goblin skeleton (D:12)
  2 goblin zombies (D:12)
  A hobgoblin skeleton (D:12)
  3 hobgoblin zombies (D:12)
  22 kobolds
  2 kobold zombies (Sewer)
  3 orc skeletons (D:12)
  11 orc zombies (D:12)
  2 rats
  A fire vortex (D:13)
  A pillar of salt (Orc:2)
751 creatures vanquished.

Vanquished Creatures (collateral kills)
  A boulder beetle (D:14)
  An orc high priest (Orc:2)
  An orc knight (Orc:2)
  A cyclops (D:13)
  A troll (D:13)
  A warg (Orc:2)
  2 orc warriors (Orc:2)
  2 orcs (Orc:2)
10 creatures vanquished.

Vanquished Creatures (others)
  A centaur warrior (D:15)
  Lodul (D:12)
  2 deep elf pyromancers
  An ugly thing (D:12)
  A wizard (D:5)
  13 slime creatures
  A yak (Lair:5)
  2 water moccasins (Lair:3)
  2 black bears
  5 ogres (D:12)
  3 centaurs (D:15)
  3 bullfrogs (Lair:1)
  A scorpion (D:5)
  87 jellies
  A crimson imp (D:11)
  5 orc priests
  7 orc wizards
  A white imp (D:11)
  19 orcs
  A goblin zombie (D:12)
  A hobgoblin zombie (D:12)
  2 orc zombies (D:12)
  A butterfly (Lair:1)
  9 demonic plants (D:10)
  62 fungi
  21 pillars of salt (Orc:2)
  105 plants
358 creatures vanquished.

Grand Total: 1119 creatures vanquished

Table legend:
 A = Non-vault XP
 B = Vault XP
 C = Vault XP percentage of total XP
 D = Non-vault monster count
 E = Vault monster count
 F = Vault count percentage of total count
                 A         B        C        D         E       F
            +---------+---------+-------+---------+---------+-------
      Total |  105295 |   81157 |  43.5 |     504 |     257 |  33.8
            +---------+---------+-------+---------+---------+-------
        D:1 |      27 |       2 |   6.9 |      16 |       1 |   5.9
        D:2 |     133 |      37 |  21.8 |      22 |       1 |   4.3
        D:3 |      36 |      18 |  33.3 |      14 |       3 |  17.6
        D:4 |     320 |       4 |   1.2 |      17 |       2 |  10.5
        D:5 |     802 |       0 |   0.0 |      21 |       0 |   0.0
        D:6 |    1200 |       0 |   0.0 |      23 |       0 |   0.0
        D:7 |     486 |       0 |   0.0 |      10 |       0 |   0.0
        D:8 |    1062 |       0 |   0.0 |      23 |       0 |   0.0
        D:9 |    3321 |     439 |  11.7 |      27 |       4 |  12.9
       D:10 |    4959 |    1111 |  18.3 |      28 |       3 |   9.7
       D:11 |    6002 |    1360 |  18.5 |      23 |       2 |   8.0
       D:12 |    3512 |    2115 |  37.6 |      23 |      37 |  61.7
       D:13 |    3512 |   15133 |  81.2 |       9 |      30 |  76.9
       D:14 |    6295 |    1463 |  18.9 |      11 |       1 |   8.3
       D:15 |    5544 |    9872 |  64.0 |       9 |      15 |  62.5
     Lair:1 |    8966 |    2053 |  18.6 |      19 |       5 |  20.8
     Lair:2 |    4893 |    1496 |  23.4 |      21 |       4 |  16.0
     Lair:3 |    8068 |    7495 |  48.2 |      30 |      24 |  44.4
     Lair:4 |   10746 |       0 |   0.0 |      33 |       0 |   0.0
     Lair:5 |   10226 |   10276 |  50.1 |      36 |      43 |  54.4
      Orc:1 |    2829 |       0 |   0.0 |      36 |       0 |   0.0
      Orc:2 |    3197 |   12956 |  80.2 |      28 |      41 |  59.4
   Depths:1 |   14637 |   13745 |  48.4 |      20 |      12 |  37.5
   Depths:3 |     804 |       0 |   0.0 |       1 |       0 |   0.0
   Depths:4 |    3718 |    1033 |  21.7 |       4 |       1 |  20.0
      Sewer |       0 |     549 | 100.0 |       0 |      28 | 100.0
            +---------+---------+-------+---------+---------+-------

Illustrated notes

Table legend:
 A = Kills in this place as a percentage of kills in entire the game.
 B = Kills by you in this place as a percentage of kills by you in the entire game.
 C = Kills by friends in this place as a percentage of kills by friends in the entire game.
 D = Other kills in this place as a percentage of other kills in the entire game.
 E = Experience gained in this place as a percentage of experience gained in the entire game.
 F = Experience gained in this place divided by the number of levels of this place that you have seen.
                   A       B       C       D       E      F
               +-------+-------+-------+-------+-------+----------------------
         Total | 100.0 | 100.0 | 100.0 | 100.0 | 100.0 | 5650.1
       Dungeon |  49.3 |  48.9 |  30.0 | 100.0 |  36.9 | 4584.3
          Lair |  28.3 |  29.0 |   0.0 |   0.0 |  34.4 | 12843.8
  Orcish Mines |  13.8 |  13.2 |  70.0 |   0.0 |  10.2 | 9491.0
        Depths |   5.0 |   5.1 |   0.0 |   0.0 |  18.2 | 8484.2
         Sewer |   3.7 |   3.8 |   0.0 |   0.0 |   0.3 | 549.0
               +-------+-------+-------+-------+-------+----------------------

Table legend: (Time is in decaauts)
 A = Elapsed time spent in this place.
 B = Non-inter-level travel time spent in this place.
 C = Inter-level travel time spent in this place.
 D = Time resting spent in this place.
 E = Time spent auto-exploring this place.
 F = Levels seen in this place.
 G = Mean time per level.
                   A        B        C        D        E       F      G
               +--------+--------+--------+--------+--------+-----+--------+
         Total |  24330 |  22113 |   2217 |    453 |  17219 |  33 |  737.3 |
       Dungeon |  14678 |  13187 |   1491 |    399 |  10379 |  15 |  978.5 |
          Lair |   5293 |   4896 |    397 |      0 |   4096 |   5 | 1058.6 |
     Snake Pit |      1 |      1 |      0 |      0 |      0 |   1 |    1.0 |
    Slime Pits |    633 |    493 |    140 |      0 |    477 |   5 |  126.6 |
  Orcish Mines |   1432 |   1280 |    152 |      0 |    776 |   2 |  716.0 |
        Depths |   1562 |   1526 |     36 |     54 |    971 |   4 |  390.5 |
         Sewer |    730 |    730 |      0 |      0 |    520 |   1 |  730.0 |
               +--------+--------+--------+--------+--------+-----+--------+

Top non-repeatable levels by time:
    D:13: 1580 daAuts
  Lair:3: 1461 daAuts
    D:15: 1318 daAuts
Depths:1: 1307 daAuts
     D:2: 1220 daAuts
  Lair:1: 1151 daAuts
    D:11: 1121 daAuts
     D:9: 1061 daAuts
    D:10: 1011 daAuts
     D:7: 989 daAuts
     D:1: 976 daAuts
  Lair:5: 935 daAuts
  Lair:4: 924 daAuts
     D:4: 894 daAuts
     D:5: 890 daAuts
